General information
- name: BNet
- type: Ladder team game (AT/RT)
- host: Battle.net
- saver: streetclown.
map: LastManStanding
- players: 8
- length: 19:27
- speed: Fast
- version: 1.28 W3XP
- replay type: Public
» download(134 KB)
Players
team 1 (loser)
RENELANDER (
green | 29 APM | 562 actions | 19:21)
4 Death Knight
2 Death Coil
2 Unholy Aura
2 Lich
1 Frost Nova
1 Frost Armor
» actions
| Basic commands | 11 | |
| Build / train | 51 | |
| Enter build submenu | 21 | |
| Enter hero's abilities submenu | 6 | |
| Remove unit from queue | 1 | |
| Right click | 286 | |
| Select / deselect | 148 | |
| Use ability | 38 | |
562 total
» units
| Acolyte | 7 | |
| Ghoul | 4 | |
| Crypt Fiend | 5 | |
| Frost Wyrm | 8 | |
24 total
» upgrades
| Creature Attack | 2 | |
| Creature Carapace | 2 | |
| Web | 1 | |
| Freezing Breath | 1 | |
6 total
» buildings
| Crypt | 1 | |
| Altar of Darkness | 1 | |
| Ziggurat | 10 | |
| Graveyard | 1 | |
| Tomb of Relics | 1 | |
| Halls of the Dead | 2 | |
| Black Citadel | 1 | |
| Sacrificial Pit | 1 | |
| Nerubian Tower | 1 | |
| Spirit Tower | 5 | |
| Necropolis | 1 | |
| Boneyard | 2 | |
27 total
» build order
00:57 Crypt
00:59 Altar of Darkness
01:06 Ziggurat
01:23 Graveyard
01:46 Tomb of Relics
02:11 Ziggurat
03:54 Halls of the Dead
03:55 Halls of the Dead
05:49 Ziggurat
07:34 Black Citadel
07:37 Sacrificial Pit
09:09 Nerubian Tower
09:11 Spirit Tower
09:19 Necropolis
09:20 Ziggurat
09:24 Ziggurat
09:26 Ziggurat
09:28 Ziggurat
10:30 Spirit Tower
11:04 Boneyard
11:07 Boneyard
14:01 Ziggurat
15:28 Spirit Tower
15:37 Spirit Tower
16:35 Ziggurat
16:37 Ziggurat
17:51 Spirit Tower
» items
| Rod of Necromancy | 1 | |
| Orb of Corruption | 1 | |
| Scroll of Town Portal | 1 | |
3 total

»
Mika_Kun (
purple | 22 APM | 430 actions | 19:25)
5 Death Knight
2 Death Coil
3 Death Pact
» actions
| Basic commands | 5 | |
| Build / train | 51 | |
| Enter build submenu | 14 | |
| Enter hero's abilities submenu | 5 | |
| Right click | 165 | |
| Select / deselect | 160 | |
| Use ability | 30 | |
430 total
» units
| Acolyte | 4 | |
| Ghoul | 3 | |
| Crypt Fiend | 14 | |
| Necromancer | 13 | |
34 total
» upgrades
| Web | 1 | |
| Creature Carapace | 3 | |
| Creature Attack | 1 | |
5 total
» buildings
| Ziggurat | 6 | |
| Altar of Darkness | 1 | |
| Crypt | 2 | |
| Graveyard | 1 | |
| Halls of the Dead | 1 | |
| Black Citadel | 1 | |
| Temple of the Damned | 2 | |
| Spirit Tower | 4 | |
18 total
» build order
00:22 Ziggurat
00:25 Altar of Darkness
00:36 Crypt
00:56 Ziggurat
01:31 Crypt
02:12 Graveyard
02:40 Ziggurat
03:14 Halls of the Dead
06:48 Black Citadel
06:51 Temple of the Damned
06:56 Temple of the Damned
07:06 Ziggurat
13:57 Ziggurat
14:00 Ziggurat
15:49 Spirit Tower
16:12 Spirit Tower
16:32 Spirit Tower
18:02 Spirit Tower
yandee (
orange | 66 APM | 1275 actions | 19:13)
4 Death Knight
2 Death Coil
1 Unholy Aura
1 Death Pact
3 Lich
1 Frost Armor
2 Frost Nova
3 Dark Ranger
1 Black Arrow
2 Silence
» actions
| Assign group hotkey | 38 | |
| Basic commands | 64 | |
| Build / train | 49 | |
| ESC pressed | 1 | |
| Enter build submenu | 15 | |
| Enter hero's abilities submenu | 10 | |
| Give item / drop item | 1 | |
| Remove unit from queue | 3 | |
| Right click | 447 | |
| Select / deselect | 198 | |
| Select group hotkey | 394 | |
| Use ability | 55 | |
1275 total
» units
| Acolyte | 3 | |
| Ghoul | 3 | |
| Crypt Fiend | 12 | |
| Obsidian Statue | 5 | |
23 total
» upgrades
| Creature Attack | 1 | |
| Web | 1 | |
| Destroyer Form | 1 | |
3 total
» buildings
| Altar of Darkness | 1 | |
| Crypt | 1 | |
| Ziggurat | 7 | |
| Graveyard | 1 | |
| Tomb of Relics | 1 | |
| Halls of the Dead | 3 | |
| Black Citadel | 1 | |
| Slaughterhouse | 1 | |
| Necropolis | 1 | |
17 total
» build order
00:10 Altar of Darkness
00:18 Crypt
00:35 Ziggurat
01:01 Graveyard
01:15 Tomb of Relics
01:53 Ziggurat
03:14 Ziggurat
03:52 Halls of the Dead
03:52 Halls of the Dead
03:52 Halls of the Dead
05:39 Ziggurat
06:19 Black Citadel
06:40 Slaughterhouse
10:33 Ziggurat
13:43 Ziggurat
16:33 Necropolis
16:41 Ziggurat
» items
| Rod of Necromancy | 2 | |
| Orb of Corruption | 1 | |
3 total
vertigo.flowers (
red | 80 APM | 1542 actions | 19:17)
4 Archmage
2 Summon Water Elemental
2 Brilliance Aura
» actions
| Assign group hotkey | 182 | |
| Build / train | 112 | |
| Enter build submenu | 30 | |
| Enter hero's abilities submenu | 4 | |
| Give item / drop item | 1 | |
| Remove unit from queue | 1 | |
| Right click | 600 | |
| Select / deselect | 247 | |
| Select group hotkey | 292 | |
| Use ability | 73 | |
1542 total
» units
| Peasant | 17 | |
| Footman | 5 | |
| Knight | 10 | |
| Flying Machine | 24 | |
| Mortar Team | 1 | |
| Siege Engine | 2 | |
59 total
» upgrades
| Masonry | 1 | |
| Lumber Harvesting | 2 | |
| Animal War Training | 1 | |
| Flak Cannons | 1 | |
| Plating | 1 | |
| Gunpowder | 1 | |
| Flying Machine Bombs | 2 | |
| Swords | 1 | |
| Barrage | 1 | |
11 total
» buildings
| Altar of Kings | 1 | |
| Farm | 8 | |
| Lumber Mill | 2 | |
| Keep | 2 | |
| Barracks | 2 | |
| Arcane Vault | 1 | |
| Scout Tower | 6 | |
| Guard Tower | 11 | |
| Castle | 5 | |
| Blacksmith | 1 | |
| Workshop | 3 | |
| Town Hall | 2 | |
44 total
» build order
00:17 Altar of Kings
00:21 Farm
00:55 Lumber Mill
01:05 Farm
01:43 Farm
02:37 Keep
02:51 Barracks
02:57 Farm
03:46 Arcane Vault
04:01 Scout Tower
04:13 Farm
04:37 Guard Tower
04:37 Guard Tower
04:39 Scout Tower
05:08 Castle
05:08 Castle
05:08 Castle
05:09 Castle
05:37 Guard Tower
05:38 Guard Tower
05:42 Scout Tower
06:00 Blacksmith
06:17 Scout Tower
06:18 Guard Tower
06:18 Guard Tower
06:51 Barracks
07:00 Guard Tower
07:00 Guard Tower
07:00 Guard Tower
07:17 Workshop
07:20 Workshop
08:17 Town Hall
08:43 Workshop
08:49 Lumber Mill
11:08 Farm
12:06 Farm
13:10 Farm
15:33 Town Hall
17:16 Scout Tower
17:20 Scout Tower
17:48 Guard Tower
17:48 Guard Tower
» items
| Scroll of Regeneration | 1 | |
| Lesser Clarity Potion | 2 | |
| Scroll of Town Portal | 1 | |
| Potion of Healing | 1 | |
5 total
team 2 (winner)
TheFlash (
pink | 71 APM | 1386 actions | 19:26)
5 Keeper of the Grove
1 Force of Nature
2 Entangling Roots
2 Thorns Aura
» actions
| Assign group hotkey | 124 | |
| Build / train | 71 | |
| Enter build submenu | 16 | |
| Enter hero's abilities submenu | 5 | |
| Give item / drop item | 3 | |
| Remove unit from queue | 3 | |
| Right click | 720 | |
| Select / deselect | 253 | |
| Select group hotkey | 140 | |
| Use ability | 51 | |
1386 total
» units
| Wisp | 19 | |
| Archer | 5 | |
| Hippogryph | 10 | |
| Chimaera | 11 | |
45 total
» upgrades
| Strength of the Wild | 3 | |
| Reinforced Hides | 2 | |
| Corrosive Breath | 1 | |
| Ultravision | 1 | |
7 total
» buildings
| Moon Well | 8 | |
| Altar of Elders | 1 | |
| Ancient of War | 1 | |
| Ancient of Wonders | 1 | |
| Tree of Ages | 1 | |
| Tree of Life | 1 | |
| Hunter's Hall | 1 | |
| Tree of Eternity | 1 | |
| Ancient of Wind | 1 | |
| Chimaera Roost | 3 | |
19 total
» build order
00:28 Moon Well
00:31 Altar of Elders
01:06 Ancient of War
01:20 Ancient of Wonders
01:49 Moon Well
02:55 Moon Well
03:43 Tree of Ages
04:06 Moon Well
04:30 Tree of Life
05:06 Hunter's Hall
06:21 Tree of Eternity
06:26 Ancient of Wind
08:46 Chimaera Roost
08:46 Chimaera Roost
08:47 Chimaera Roost
11:08 Moon Well
11:08 Moon Well
11:17 Moon Well
11:44 Moon Well
» items
| Lesser Clarity Potion | 2 | |
| Potion of Healing | 1 | |
| Scroll of Town Portal | 1 | |
| Scroll of Speed | 1 | |
5 total
nobi (
blue | 79 APM | 1540 actions | 19:26)
6 Blademaster
2 Wind Walk
3 Critical Strike
1 Bladestorm
4 Shadow Hunter
2 Healing Wave
1 Hex
1 Serpent Ward
» actions
| Assign group hotkey | 17 | |
| Build / train | 71 | |
| Enter build submenu | 24 | |
| Enter hero's abilities submenu | 10 | |
| Give item / drop item | 7 | |
| Remove unit from queue | 2 | |
| Right click | 553 | |
| Select / deselect | 163 | |
| Select group hotkey | 608 | |
| Use ability | 85 | |
1540 total
» units
| Peon | 13 | |
| Centaur Outrunner | 5 | |
| Wind Rider | 7 | |
| Troll Batrider | -1 | |
24 total
» upgrades
| Armor | 3 | |
| Ranged Weapons | 3 | |
| Envenomed Spears | 1 | |
| Reinforced Defenses | 1 | |
8 total
» buildings
| Altar of Storms | 1 | |
| Orc Burrow | 7 | |
| Voodoo Lounge | 1 | |
| War Mill | 1 | |
| Stronghold | 1 | |
| Watch Tower | 4 | |
| Beastiary | 4 | |
| Fortress | 1 | |
20 total
» build order
00:08 Altar of Storms
00:20 Orc Burrow
00:52 Voodoo Lounge
01:29 Orc Burrow
02:31 War Mill
03:47 Stronghold
03:51 Watch Tower
04:19 Watch Tower
04:23 Watch Tower
04:52 Orc Burrow
06:54 Beastiary
07:04 Beastiary
08:21 Fortress
08:54 Beastiary
09:51 Beastiary
10:33 Orc Burrow
13:32 Orc Burrow
14:05 Orc Burrow
15:27 Orc Burrow
16:29 Watch Tower
» items
| Lesser Clarity Potion | 6 | |
| Healing Salve | 4 | |
| Potion of Healing | 3 | |
| Orb of Lightning | 2 | |
| Scroll of Speed | 2 | |
17 total
streetclown. (
teal | 63 APM | 1234 actions | 19:27)
5 Blademaster
2 Wind Walk
3 Critical Strike
4 Shadow Hunter
2 Hex
2 Healing Wave
» actions
| Assign group hotkey | 18 | |
| Basic commands | 16 | |
| Build / train | 44 | |
| Enter build submenu | 19 | |
| Enter hero's abilities submenu | 10 | |
| Give item / drop item | 1 | |
| Remove unit from queue | 1 | |
| Right click | 536 | |
| Select / deselect | 169 | |
| Select group hotkey | 320 | |
| Use ability | 100 | |
1234 total
» units
| Peon | 11 | |
| Wind Rider | 7 | |
| Goblin Shredder | 1 | |
19 total
» upgrades
| Ranged Weapons | 2 | |
| Reinforced Defenses | 1 | |
| Armor | 1 | |
| Envenomed Spears | 1 | |
5 total
» buildings
| Altar of Storms | 1 | |
| Orc Burrow | 5 | |
| Voodoo Lounge | 3 | |
| Stronghold | 1 | |
| War Mill | 1 | |
| Beastiary | 3 | |
| Watch Tower | 10 | |
| Great Hall | 1 | |
| Fortress | 2 | |
27 total
» build order
00:08 Altar of Storms
00:21 Orc Burrow
01:06 Voodoo Lounge
02:17 Stronghold
02:57 Orc Burrow
02:58 Orc Burrow
02:59 Orc Burrow
03:18 War Mill
04:34 Voodoo Lounge
04:57 Beastiary
04:57 Beastiary
05:55 Orc Burrow
08:02 Watch Tower
08:20 Watch Tower
08:22 Watch Tower
08:57 Watch Tower
08:58 Watch Tower
09:05 Voodoo Lounge
10:10 Great Hall
10:29 Watch Tower
11:08 Fortress
11:08 Fortress
12:41 Watch Tower
12:41 Watch Tower
12:42 Watch Tower
12:42 Watch Tower
13:14 Beastiary
» items
| Healing Salve | 2 | |
| Potion of Mana | 1 | |
| Orb of Lightning | 1 | |
4 total
TKTKERS (
yellow | 46 APM | 900 actions | 19:26)
5 Archmage
3 Summon Water Elemental
2 Brilliance Aura
3 Mountain King
2 Storm Bolt
1 Bash
» actions
| Basic commands | 6 | |
| Build / train | 91 | |
| Enter build submenu | 21 | |
| Enter hero's abilities submenu | 9 | |
| Give item / drop item | 5 | |
| Right click | 345 | |
| Select / deselect | 366 | |
| Use ability | 57 | |
900 total
» units
| Peasant | 15 | |
| Goblin Shredder | 7 | |
| Goblin Zeppelin | 1 | |
| Flying Machine | 22 | |
| Bronze Dragon | 4 | |
49 total
» upgrades
| Masonry | 3 | |
| Gunpowder | 3 | |
| Plating | 3 | |
| Lumber Harvesting | 2 | |
| Flak Cannons | 1 | |
| Fragmentation Shards | 1 | |
| Barrage | 1 | |
| Flare | 1 | |
| Swords | 3 | |
| Armor | 2 | |
20 total
» buildings
| Altar of Kings | 1 | |
| Farm | 11 | |
| Town Hall | 1 | |
| Keep | 1 | |
| Lumber Mill | 1 | |
| Blacksmith | 1 | |
| Workshop | 3 | |
| Castle | 1 | |
| Arcane Vault | 1 | |
21 total
» build order
00:08 Altar of Kings
00:11 Farm
00:54 Farm
03:07 Town Hall
04:55 Keep
05:12 Lumber Mill
05:16 Farm
05:31 Blacksmith
05:53 Farm
06:31 Farm
07:10 Farm
07:17 Workshop
07:21 Workshop
07:26 Workshop
07:28 Castle
07:53 Farm
08:16 Arcane Vault
09:30 Farm
11:03 Farm
11:06 Farm
11:09 Farm
» items
| Potion of Healing | 4 | |
| Potion of Mana | 2 | |
| Scroll of Town Portal | 1 | |
| Healing Salve | 1 | |
| Orb of Lightning | 1 | |
9 total
Chat log
(00:13 / Allies) nobi: map ?
(00:18 / Allies) TheFlash: CHIMS
(00:20 / Allies) TheFlash: GET AAPOLZ
(05:44 / Allies) TheFlash: MNIDLE ALL
(07:02 / Allies) TheFlash: USE BMS
(07:03 / Allies) TheFlash: CHEK
(07:05 / Allies) TheFlash: ENEMY HIT
(07:05 / Allies) TheFlash: EXPO
(09:00 / Allies) TheFlash: USE BM CHEK AGAIN
(09:17 / Allies) TheFlash: GOO
(10:14 / Allies) TheFlash: GOO
(12:59 / Allies) streetclown.: gold plz
(13:20 / Allies) TheFlash: CANBCEL
(13:26 / Allies) TheFlash: NEED BATS
(13:28 / Allies) TheFlash: FOR COPS
(13:32 / Allies) TheFlash: REGFROUP
(13:33 / Allies) TheFlash: MIDLE
(13:46 / Allies) streetclown.: protect my expo
(14:24 / Allies) TheFlash: GO
(14:33 / Allies) TheFlash: MIDLE NOW
(15:09 / Allies) TheFlash: WTF ALLMIDLE NOW
(15:46 / Allies) TheFlash: WHERE UNITS ALL
(15:48 / Allies) TheFlash: GO UNITSMIDLE
(15:52 / Allies) TheFlash: FUCKJ
(16:50 / Allies) TheFlash: WTF DRAGON LEVEL 10
(16:51 / Allies) TheFlash: AFK?
(17:56 / Allies) TheFlash: ALL
(17:57 / Allies) TheFlash: GO UNITS NOW
(17:58 / Allies) TheFlash: ATACK
(18:14 / Allies) TheFlash: GOOO
(18:54 / Allies) nobi: ok
(19:05 / All) yandee: seemed like it should have been closer
(19:07 / All) yandee: lol
(19:09 / All) yandee: gg wp
(19:13 / All) vertigo.flowers: fuck you
(19:14 / All) vertigo.flowers: fuck you